 Dungeon Crawl Stone Soup version 0.25-a0-435-g4b9beb1024 (webtiles) character file.

Game seed: 13213445974618620672, levelgen mode: deterministic

12301 Elellon the Thaumaturge (level 11, 0/64 HPs)
             Began as a Deep Elf Conjurer on Jan 27, 2020.
             Was a Believer of Vehumet.
             Killed by nerve-wracking pain
             ... invoked by an orc priest
              (6 damage)
             ... on level 12 of the Dungeon.
             The game lasted 00:23:36 (15220 turns).

Elellon the Thaumaturge (Deep Elf Conjurer)        Turns: 15220, Time: 00:23:37

Health: 0/64       AC: 11    Str:  7    XL:     11   Next: 60%
Magic:  19/30      EV: 14    Int: 25    God:    Vehumet [**....]
Gold:   696        SH:  6    Dex: 15    Spells: 19/36 levels left

rFire    . . .     SeeInvis +   G - +0 short sword
rCold    . . .     Gourm    .   K - +1 buckler {reflect}
rNeg     + . .     Faith    .   z - +4 ring mail "Olauwu" {SInv}
rPois    .         Spirit   .   H - +1 hat
rElec    .         Reflect  +   d - +0 cloak
rCorr    .         Harm     .   (no gloves)
MR       +....                  (no boots)
Stlth    +.........             (no amulet)
HPRegen  0.20/turn              l - +3 ring of intelligence
MPRegen  0.22/turn              e - ring of positive energy

@: no status effects
A: no striking features
a: Renounce Religion


You were on level 12 of the Dungeon.
You worshipped Vehumet.
Vehumet was pleased with you.
You were hungry.

You visited 2 branches of the dungeon, and saw 13 of its levels.

You collected 696 gold pieces.

Inventory:

Hand Weapons
 G - a +0 short sword (weapon)
Armour
 a - a +0 robe
 d - a +0 cloak (worn)
 p - a scarf of resistance
 z - the +4 ring mail "Olauwu" (worn) {SInv}
   (You found it on level 6 of the Dungeon)

   It lets you see invisible.
   If you remove this armour, your AC will fall 9 points (11 -> 2)
 H - a +1 hat (worn)
 K - a +1 buckler of reflection (worn)
Jewellery
 e - a ring of positive energy (right hand)
 f - an uncursed amulet of magic regeneration {unknown}
 l - a +3 ring of intelligence (left hand)
 s - an uncursed ring of resist corrosion
 B - an uncursed amulet of magic regeneration {unknown}
 J - an uncursed amulet of guardian spirit {unknown}
Wands
 n - a wand of clouds (5)
 F - a wand of enslavement (10)
 L - a wand of paralysis (7)
 N - a wand of polymorph (13)
Scrolls
 b - 7 scrolls of remove curse
 i - a scroll of enchant armour
 m - 7 scrolls of identify
 o - 4 scrolls of magic mapping
 t - a scroll of amnesia
 u - a scroll of fear
 w - a scroll of silence {unknown}
 x - 3 scrolls of immolation
 y - 4 scrolls of teleportation
 O - a scroll of brand weapon {unknown}
Potions
 g - a potion of flight {unknown}
 h - 4 potions of mutation {unknown}
 j - 3 potions of might {unknown}
 k - 2 potions of brilliance {unknown}
 q - a potion of agility {unknown}
 r - 2 potions of lignification {unknown}
 v - a potion of heal wounds {unknown}
 A - 5 potions of curing
 C - 2 potions of haste {unknown}
 D - a potion of magic {unknown}
 E - a potion of resistance {unknown}
 I - 3 potions of cancellation {unknown}
Comestibles
 c - 22 rations


   Skills:
 + Level 5.6 Fighting
 + Level 8.8 Dodging
 - Level 2.4 Stealth
 - Level 4.3 Shields
 + Level 13.2 Spellcasting
 + Level 11.9 Conjurations
 * Level 3.6 Fire Magic


You had 19 spell levels left.
You knew the following spells:

 Your Spells              Type           Power        Failure   Level  Hunger
a - Magic Dart            Conj           ####         1%          1    None
b - Searing Ray           Conj           ######       1%          2    None
c - Iskenderun's Mystic   Conj/Tloc      #####...     11%         4    None
d - Mephitic Cloud        Conj/Pois/Air  #####...     8%          3    None
e - Ring of Flames        Chrm/Fire      ####......   100%        7    ######.

Your spell library contained the following spells:

 Spells                   Type           Power        Failure   Level  Hunger
 Freeze                   Ice            ###.         13%         1    None
 Conjure Flame            Conj/Fire      ######..     1%          3    None
 Dazzling Flash           Conj/Hex       #####.       3%          3    None
 Fulminant Prism          Conj/Hex       #####.....   11%         4    None
 Corona                   Hex            ###....      13%         1    None
 Passwall                 Tmut/Erth      ###.....     19%         2    None
 Poisonous Vapours        Pois/Air       ###...       19%         2    None
 Portal Projectile        Hex/Tloc       ###...       36%         3    None
 Ice Form                 Ice/Tmut       ###.....     77%         4    None
 Leda's Liquefaction      Hex/Erth       ###.......   77%         4    None
 Freezing Cloud           Conj/Ice/Air   #####.....   98%         6    #####..
 Invisibility             Hex            ###.....     100%        6    #####..


Dungeon Overview and Level Annotations

Branches:
Dungeon (12/15)            Temple (1/1) D:5            Lair (0/6) D:8
    Orc: D:9-12

Altars:
Ashenzari
Cheibriados
Dithmenos
Elyvilon
Fedhas
Gozag
Hepliaklqana
Kikubaaqudgha
Makhleb
Nemelex Xobeh
Okawaru
Qazlal
Ru
Sif Muna
Trog
Uskayaw
Vehumet
Wu Jian
Xom
Yredelemnul
Zin
The Shining One

Annotations:
D:9 exclusion: obsidian statue
D:11 2 transporters, demivan's ghost, journeyman DDFi


Message History

* * * LOW HITPOINT WARNING * * *
The orc warrior hits you with a +0 mace!
* * * LOW HITPOINT WARNING * * *
The orc priest hits you but does no damage.
Casting: Searing Ray (safe; 1% risk of failure)
Confirm with . or Enter, or press ? or * to list all spells.
You erupt in a blast of force!
The mystic blast hits the orc priest!
The orc priest is heavily wounded.
The orc priest is knocked back by the mystic blast.
The mystic blast hits the orc!
You kill the orc!
Vehumet accepts your kill.
You feel your power returning.
The mystic blast hits the orc warrior!
You kill the orc warrior!
Vehumet accepts your kill.
The mystic blast misses the orc priest.
You hear a shout! x3
The orc priest mumbles some strange prayers to Beogh against you.
Pain shoots through your body!
You die...

..... ..... ....
..... ...
.....+####..
.........#..##
...o.....#...+
.........#..<#
#..)).##)........
#..o@..#.........
#......#.........
########.........
..........
......c...
...........


You could see 2 orc priests.

Vanquished Creatures
  Gastronok (D:8)
  3 two-headed ogres
  An unseen horror (D:12)
  Pikel (D:4)
  Maurice (D:11)
  A troll (D:12)
  Grinder (D:4)
  A hippogriff (D:8)
  A slime creature (D:6)
  A shadow (D:11)
  5 yaks (D:7)
  Sigmund (D:3)
  A wyvern (D:11)
  2 hungry ghosts (D:8)
  Eustachio (D:4)
  3 vampire mosquitoes (D:11)
  Edmund (D:4)
  A water moccasin (D:6)
  2 sky beasts
  3 slaves
  3 phantoms
  4 ogres
  5 orc warriors
  3 black bears
  A necrophage (D:8)
  3 centaurs (D:9)
  A crocodile (D:8)
  3 big kobolds
  5 bullfrogs
  A gnoll sergeant (D:6)
  A scorpion (D:11)
  2 howler monkeys
  4 crimson imps
  A bullfrog zombie (D:5)
  A centaur zombie (D:8)
  5 hounds
  A bullfrog skeleton (D:4)
  8 jellies
  Crazy Yiuf (D:3)
  4 orc priests
  4 orc wizards
  10 worker ants
  Terence (D:2)
  Natasha (thrice) (D:3)
  3 iguanas
  A hound zombie (D:8)
  4 hound skeletons
  A worker ant zombie (D:10)
  A howler monkey zombie (D:8)
  6 gnolls (D:6)
  15 adders
  2 shadow imps
  5 oozes
  4 worms
  A dart slug (D:3)
  7 leopard geckos
  42 orcs
  3 ball pythons
  5 giant cockroaches
  5 goblins
  5 hobgoblins
  5 jackals
  22 kobolds
  3 quokkas
  9 bats
  7 frilled lizards
  A jackal skeleton (D:8)
  6 rats
  A fungus (D:6)
271 creatures vanquished.

Vanquished Creatures (collateral kills)
  2 orc wizards (D:10)
  3 orcs (D:10)
5 creatures vanquished.

Vanquished Creatures (others)
  An orc wizard (D:4)
  13 toadstools (D:6)
14 creatures vanquished.

Grand Total: 290 creatures vanquished

Notes
Turn   | Place    | Note
-------+----------+-------------------------------------------
     0 | D:1      | Elellon the Deep Elf Conjurer began the quest for the Orb.
     0 | D:1      | Reached XP level 1. HP: 10/10 MP: 6/6
   477 | D:1      | Reached XP level 2. HP: 15/15 MP: 5/8
  1259 | D:2      | Reached XP level 3. HP: 17/19 MP: 2/10
  1419 | D:2      | Reached skill level 4 in Spellcasting
  1424 | D:2      | Reached skill level 1 in Shields
  1424 | D:2      | Reached skill level 5 in Conjurations
  1865 | D:2      | Noticed Terence
  1943 | D:1      | Learned a level 2 spell: Searing Ray
  2203 | D:2      | Found a sacrificial altar of Ru.
  2221 | D:2      | Reached XP level 4. HP: 24/24 MP: 10/12
  2638 | D:2      | Killed Terence
  2770 | D:3      | Noticed Natasha
  2774 | D:3      | Killed Natasha
  2815 | D:3      | Noticed Natasha
  2818 | D:3      | Killed Natasha
  2818 | D:3      | Reached XP level 5. HP: 28/28 MP: 2/14
  2823 | D:3      | Noticed Natasha
  2825 | D:3      | Killed Natasha
  2825 | D:3      | Reached skill level 5 in Spellcasting
  3125 | D:3      | Noticed Sigmund
  3130 | D:3      | Killed Sigmund
  3130 | D:3      | Reached XP level 6. HP: 32/32 MP: 9/16
  3187 | D:3      | Found a runed translucent door.
  3188 | D:3      | Noticed Crazy Yiuf
  3489 | D:3      | Found a shimmering altar of Xom.
  3854 | D:3      | Killed Crazy Yiuf
  3854 | D:3      | Reached skill level 6 in Spellcasting
  3987 | D:4      | Noticed Grinder
  4006 | D:4      | Killed Grinder
  4006 | D:4      | Reached XP level 7. HP: 36/36 MP: 4/19
  4273 | D:4      | Learned a level 4 spell: Iskenderun's Mystic Blast
  4393 | D:4      | Reached skill level 7 in Spellcasting
  4419 | D:4      | Noticed Pikel
  4564 | D:4      | Killed Pikel
  4564 | D:4      | Reached skill level 8 in Spellcasting
  4564 | D:4      | Reached XP level 8. HP: 20/41 MP: 13/22
  4802 | D:4      | Noticed Edmund
  4810 | D:4      | Killed Edmund
  5119 | D:4      | Noticed Eustachio
  5279 | D:4      | Killed Eustachio
  5279 | D:4      | Reached skill level 9 in Spellcasting
  5494 | D:4      | Found a glowing silver altar of Zin.
  5688 | D:5      | Entered Level 5 of the Dungeon
  6101 | D:5      | Found an ancient bone altar of Kikubaaqudgha.
  6281 | D:5      | Found a staircase to the Ecumenical Temple.
  6290 | Temple   | Entered the Ecumenical Temple
  6659 | D:5      | Found a basalt altar of Yredelemnul.
  7338 | D:5      | Reached skill level 10 in Spellcasting
  7338 | D:5      | Reached XP level 9. HP: 44/45 MP: 10/25
  7510 | D:6      | Identified the Almanac of Changing and Enchantment
  7518 | D:6      | Got a scorched ring mail
  7529 | D:6      | Identified the +4 ring mail "Olauwu" {SInv} (You found it
                  | on level 6 of the Dungeon)
  7843 | D:6      | Reached skill level 1 in Fighting
  8545 | D:6      | Reached skill level 10 in Conjurations
  9054 | D:7      | Reached skill level 11 in Spellcasting
  9422 | D:7      | Reached skill level 5 in Dodging
  9537 | D:7      | Reached XP level 10. HP: 50/56 MP: 12/27
 10213 | D:8      | Noticed Gastronok
 10245 | D:8      | Killed Gastronok
 10245 | D:8      | Reached skill level 12 in Spellcasting
 10503 | D:8      | Noticed a two-headed ogre
 10509 | D:8      | Killed a two-headed ogre
 10968 | D:8      | Reached XP level 11. HP: 62/62 MP: 24/29
 11182 | D:8      | Found a staircase to the Lair.
 11436 | D:9      | Found a radiant altar of Vehumet.
 11477 | D:9      | Became a worshipper of Vehumet
 11505 | D:9      | Noticed an obsidian statue
 11667 | D:9      | Found an ornate altar of the Wu Jian Council.
 11670 | D:9      | Found an iron altar of Okawaru.
 11670 | D:9      | Found a glowing golden altar of the Shining One.
 12035 | D:9      | Reached skill level 5 in Fighting
 12073 | D:9      | Found a shimmering blue altar of Sif Muna.
 12114 | D:9      | Found the +0 Maxwell's etheric cage {RegenMP+ *Contam rElec
                  | MP+4}
 12477 | D:10     | Entered Level 10 of the Dungeon
 13173 | D:10     | Noticed a two-headed ogre
 13178 | D:10     | Killed a two-headed ogre
 13424 | D:10     | Reached * piety under Vehumet
 13424 | D:10     | Offered knowledge of Sandblast by Vehumet.
 13989 | D:11     | Learned a level 3 spell: Mephitic Cloud
 14016 | D:11     | Learned a level 7 spell: Ring of Flames
 14021 | D:11     | Noticed Maurice
 14028 | D:11     | Killed Maurice
 14034 | D:11     | Reached skill level 1 in Fire Magic
 14138 | D:11     | Noticed an eight-headed hydra
 14199 | D:11     | Found a transporter.
 14203 | D:11     | Noticed demivan's ghost (journeyman DDFi)
 14214 | D:11     | Found a transporter.
 14619 | D:11     | Reached skill level 13 in Spellcasting
 15029 | D:12     | Noticed a two-headed ogre
 15031 | D:12     | Noticed an unseen horror
 15036 | D:12     | Killed a two-headed ogre
 15036 | D:12     | Offered knowledge of Freeze by Vehumet.
 15038 | D:12     | Killed an unseen horror
 15220 | D:12     | Reached ** piety under Vehumet
 15220 | D:12     | Killed from afar by an orc priest

Levels and vault maps discovered:
D:1:      dpeg_arrival_lava_temple_mockup, layout_basic
D:2:      layout_basic, lemuel_doored_altar, uniq_terence
D:3:      layout_rooms, tgw_xom, patterned_corridor, uniq_crazy_yiuf_cottage,
          uniq_sigmund, uniq_natasha
D:4:      layout_cave_pools, zin_statuary, uniq_pikel, uniq_grinder,
          uniq_eustachio, uniq_edmund
D:5:      layout_cave_pools, kennysheep_mini, marbit_many_paths, temple_green,
          first_ration, minmay_misc_feat_pillars, st_stairs_3
D:6:      cheibrodos_fertilizer, layout_loops_ring, hex_medium
D:7:      layout_basic, grunt_ogre_cave
D:8:      layout_basic, lair_entry_dummy, uniq_gastronok
D:9:      layout_stronghold, led_sif_pool, lemuel_crystal_altar,
          chequers_temple_overflow_statue_of_worship, minmay_protected_statue
D:10:     layout_grid_maze
D:11:     layout_cave_pools, gammafunk_ghost_berserking_beasts, uniq_maurice
D:12:     minmay_triangles_in_corner, layout_irregular_city, david_orc_3,
          kennysheep_pointless_box
Temple:   hc_temple_tempest_star

Skill      XL: |  1  2  3  4  5  6  7  8  9 10 11 |
---------------+----------------------------------+-----
Spellcasting   | 4 5 6 8 10 11 12 13 | 13.2
Shields        | 1 2 3 4 |  4.3
Conjurations   | 5 6 7 9 10 11 | 11.9
Dodging        | 5 7 8 |  8.8
Fighting       | 3 4 5 |  5.6
Fire Magic     | 3 |  3.6
Stealth        | |  2.4

Action                   |  1- 3 |  4- 6 |  7- 9 | 10-12 || total
-------------------------+-------+-------+-------+-------++-------
Melee: Unarmed           |       |       |    10 |     2 ||    12
 Cast: Magic Dart        |    74 |    52 |   160 |   117 ||   403
       Searing Ray       |       |    13 |    71 |    76 ||   160
       Iskenderun's Myst |       |       |       |     5 ||     5
  Use: Scroll            |       |       |     6 |     8 ||    14
  Eat: Chunk             |     4 |     5 |    17 |    16 ||    42
Armor: Robe              |     8 |     1 |    11 |       ||    20
       Ring mail         |       |       |     3 |    25 ||    28
Dodge: Dodged            |    17 |     2 |    43 |    54 ||   116
Block: Buckler           |     2 |     1 |    28 |    22 ||    53
       Reflection        |       |       |       |     4 ||     4

Table legend:
 A = Non-vault XP
 B = Vault XP
 C = Vault XP percentage of total XP
 D = Non-vault monster count
 E = Vault monster count
 F = Vault count percentage of total count
                 A         B        C        D         E       F
            +---------+---------+-------+---------+---------+-------
      Total |   12181 |    5392 |  30.7 |     234 |      38 |  14.0
            +---------+---------+-------+---------+---------+-------
        D:1 |      28 |       0 |   0.0 |      16 |       0 |   0.0
        D:2 |      76 |      36 |  32.1 |      25 |       1 |   3.8
        D:3 |     107 |     328 |  75.4 |      13 |       9 |  40.9
        D:4 |     467 |    1278 |  73.2 |      28 |       4 |  12.5
        D:5 |     522 |      31 |   5.6 |      22 |       3 |  12.0
        D:6 |     934 |     651 |  41.1 |      25 |      16 |  39.0
        D:7 |    1818 |     118 |   6.1 |      21 |       1 |   4.5
        D:8 |    2328 |    2369 |  50.4 |      19 |       1 |   5.0
        D:9 |     746 |       0 |   0.0 |      12 |       0 |   0.0
       D:10 |    1487 |       0 |   0.0 |      20 |       0 |   0.0
       D:11 |    1688 |     449 |  21.0 |      30 |       1 |   3.2
       D:12 |    1980 |     132 |   6.2 |       3 |       2 |  40.0
            +---------+---------+-------+---------+---------+-------
